 Dungeon Crawl Stone Soup version 0.29.1-4-g47bece8355 (webtiles) character file.

Game seed: 4690834347623614787

34 CaptainMV the Stinger (level 3, -4/26 HPs)
             Began as a Draconian Venom Mage on Dec 7, 2022.
             Frozen to death by an endoplasm (5 damage)
             ... on level 2 of the Dungeon.
             The game lasted 00:07:04 (1079 turns).

CaptainMV the Stinger (Draconian Venom Mage)        Turns: 1079, Time: 00:07:04

Health: -4/26      AC:  5    Str: 10    XL:     3   Next: 14%
Magic:  3/6        EV: 12    Int: 17    God:
Gold:   68         SH:  0    Dex: 11    Spells: 5/6 levels left

rFire   . . .      SeeInvis .   d - +0 whip
rCold   . . .      Faith    .   (no shield)
rNeg    . . .      Spirit   .   (body armour unavailable)
rPois   .          Reflect  .   (helmet restricted)
rElec   .          Harm     .   (no cloak)
rCorr   .          Rampage  .   (no gloves)
Will    .....                   (no boots)
Stlth   ++........              (no amulet)
HPRegen 0.08/turn               (no ring)
MPRegen 0.10/turn               (no ring)

@: slowed, very slow
A: AC +5, unfitting armour, cold-blooded
a: no special abilities


You were on level 2 of the Dungeon.
You visited 1 branch of the dungeon, and saw 2 of its levels.

You collected 68 gold pieces.

Inventory:

Hand Weapons
 d - a +0 whip (weapon)
Scrolls
 b - a scroll of teleportation {unknown}
 c - 2 scrolls of immolation {unknown}
 i - a scroll of identify {unknown}
Potions
 a - a potion of magic
 e - 2 potions of attraction {unknown}
 f - a potion of mutation {unknown}
 g - 2 potions of haste {unknown}
 h - a potion of berserk rage {unknown}
 j - a potion of heal wounds {unknown}


   Skills:
 + Level 0.3 Maces & Flails
 + Level 2.0 Dodging
 + Level 1.8 Stealth
 + Level 2.4 Spellcasting
 + Level 1.2 Transmutations
 + Level 3.5 Poison Magic


You had 5 spell levels left.
You knew the following spells:

 Your Spells              Type           Power      Damage    Failure   Level
a - Sting                 Tmut/Pois      40%        1d5       7%          1

Your spell library contained the following spells:

 Spells                   Type           Power      Damage    Failure   Level
 Poisonous Vapours        Pois/Air       16%        N/A       14%         2
 Slow                     Hex            8%         N/A       19%         1
 Blink                    Tloc           4%         N/A       28%         2
 Mephitic Cloud           Conj/Pois/Air  6%         N/A       34%         3
 Olgreb's Toxic Radiance  Pois           14%        N/A       41%         4
 Confusing Touch          Hex            2%         N/A       50%         3
 Vampiric Draining        Necr           2%         2d6       50%         3
 Manifold Assault         Tloc           2%         N/A       99%         5
 Storm Form               Tmut/Air       2%         N/A       100%        7


Dungeon Overview and Level Annotations

Branches:
Dungeon (2/15)

Altars:


Innate Abilities, Weirdness & Mutations

Your plain brown scales are hard. (AC +5)
You cannot fit into any form of body armour.
You are cold-blooded and may be slowed by cold attacks.


Message History

You kill the rat!
Casting: Sting (safe; 7% risk of failure)
Confirm with . or Enter, or press ? or * to list all spells.
Aiming: Sting (safe; 7% risk of failure)
Press: ? - help, Shift-Dir - straight line, f - endoplasm
Aim: an endoplasm (98% to hit)
The sting hits the endoplasm.
The endoplasm partially resists.
The endoplasm is moderately wounded.
Casting: Sting (safe; 7% risk of failure)
Confirm with . or Enter, or press ? or * to list all spells.
Aiming: Sting (safe; 7% risk of failure)
Press: ? - help, Shift-Dir - straight line, f/p - endoplasm
Aim: an endoplasm (moderately wounded, 98% to hit)
The sting hits the endoplasm.
The endoplasm partially resists.
The endoplasm is heavily wounded.
You barely miss the endoplasm.
The endoplasm is heavily wounded.
The endoplasm freezes you.
You are frozen.
* * * LOW HITPOINT WARNING * * *
You feel yourself slow down.
You hit the endoplasm.
The endoplasm is severely wounded.
The endoplasm freezes you.
You are frozen.
* * * LOW HITPOINT WARNING * * *
You feel as though you will be slow longer.
The endoplasm barely misses you.
Casting: Sting (safe; 7% risk of failure)
Confirm with . or Enter, or press ? or * to list all spells.
Aiming: Sting (safe; 7% risk of failure)
Press: ? - help, Shift-Dir - straight line, f/p - endoplasm
Aim: an endoplasm (severely wounded, 98% to hit)
The sting hits the endoplasm.
The endoplasm partially resists.
The endoplasm is poisoned.
The endoplasm is almost dead.
The endoplasm hits you but does no damage.
The endoplasm freezes you.
You are frozen.
You die...

####..#.....#.......##
#
#####..##....†.....###
# ............##.....#
# ##.......#..#......#
# ........†#..#......#
# ........?......#####
.........>.....#
...............#
.......J@......#
...............#
...............#
..<............#
.))......####.#
.........# ..
.........# .........#


You could see an endoplasm (poisoned).

Vanquished Creatures
  A worm (D:2)
  2 dart slugs
  2 giant cockroaches
  3 goblins
  2 hobgoblins
  6 kobolds (D:1)
  3 ball pythons
  3 bats (D:1)
  2 frilled lizards
  3 rats
27 creatures vanquished.

Notes
Turn   | Place    | Note
-------+----------+-------------------------------------------
     0 | D:1      | CaptainMV the Draconian Venom Mage began the quest for the
                  | Orb.
     0 | D:1      | Reached XP level 1. HP: 14/14 MP: 3/3
   208 | D:1      | Reached XP level 2. HP: 9/20 MP: 5/5
  1040 | D:2      | Reached XP level 3. HP: 13/26 MP: 2/6
  1078 | D:2      | HP: 1/26 [frozen (4)]
  1079 | D:2      | Frozen to death by an endoplasm

Illustrated notes

Levels and vault maps discovered:
D:1:      dpeg_arrival_ternary, layout_loops_ring,
          chequers_serial_rivers_micro_c
D:2:      layout_rooms, uniq_terence

Skill      XL: |  1  2  3 |
---------------+----------+-----
Dodging        | 2 |  2.0
Maces & Flails | |  0.3
Stealth        | |  1.8
Spellcasting   | |  2.4
Transmutations | |  1.2
Poison Magic   | |  3.5

Action                   || total
-------------------------++-------
Melee: Unarmed           ||    16
       Whip              ||    78
       Tailslap          ||    12
 Cast: Sting             ||    15
Armor: Skin              ||    43
Dodge: Dodged            ||    64
